 Dungeon Crawl Stone Soup version 0.18-a0-1539-g1c7284a (webtiles) character file.

200 M4edhros the Sneak (level 5, -8/33 HPs)
             Began as an Octopode Artificer on Mar 9, 2016.
             Mangled by a black bear (10 damage)
             ... on level 4 of the Dungeon.
             The game lasted 00:02:42 (1597 turns).

M4edhros the Sneak (Octopode Artificer)             Turns: 1597, Time: 00:02:43

Health: -8/33      AC:  1    Str: 11    XL:     5   Next: 78%
Magic:  7/7        EV: 12    Int: 14    God:
Gold:   44         SH:  0    Dex: 13    Spells: 0 memorised, 4 levels left

rFire  . . .     SeeInvis .     a - +0 short sword
rCold  . . .     Gourm    .     (no shield)
rNeg   . . .     Faith    .     (helmet restricted)
rPois  .         Spirit   .     (no amulet)
rElec  .         Dismiss  .     (no ring)
rCorr  .         Reflect  .     (no ring)
SustAt .         Harm     .     (no ring)
MR     .....                    (no ring)
Stlth  +++++.....               (no ring)
                                (no ring)
                                (no ring)
                                (no ring)

@: not resistant to hostile enchantments, quite stealthy
A: almost no armour, amphibious, 8 rings, constrict 8, camouflage 1, gelatinous
body 1
a: no special abilities


You were on level 4 of the Dungeon.
You were not hungry.

You visited 1 branch of the dungeon, and saw 4 of its levels.

You collected 44 gold pieces.

Inventory:

Hand Weapons
 a - a +0 short sword (weapon)
 i - a +0 hunting sling
Missiles
 e - 47 sling bullets
 l - 36 stones (quivered)
Wands
 b - a wand of flame (13/48)
 c - a wand of enslavement (15/24)
 d - a wand of random effects (14/48)
Scrolls
 g - a scroll of fear {unknown}
 j - 2 scrolls of identify {unknown}
 m - 2 scrolls of recharging {unknown}
 q - a scroll of immolation {unknown}
 t - a scroll of remove curse {unknown}
Potions
 k - a potion of mutation {unknown}
 p - a potion of might {unknown}
 r - 2 potions of curing {unknown}
 s - 2 potions of degeneration {unknown}
 u - a potion of berserk rage {unknown}
Books
 o - a book of Flames

   Spells                             Type                      Level
   a - Flame Tongue                   Conjuration/Fire             1
   b - Throw Flame                    Conjuration/Fire             2
   c - Conjure Flame                  Conjuration/Fire             3
   d - Inner Flame                    Hexes/Fire                   3
   e - Sticky Flame                   Conjuration/Fire             4
   f - Fireball                       Conjuration/Fire             5
Comestibles
 f - 2 bread rations
 h - a slice of pizza


   Skills:
 - Level 1.0 Fighting
 - Level 1.0 Short Blades
 - Level 2.0 Dodging
 + Level 7.9 Stealth
 - Level 3.2 Evocations


You had 4 spell levels left.
You didn't know any spells.

Dungeon Overview and Level Annotations

Branches:
Dungeon (4/15)
 Temple: D:4-7

Altars:
Ashenzari
Fedhas

Annotations:
D:4 mrath's ghost, amateur DrWz


Innate Abilities, Weirdness & Mutations

You cannot wear most types of armour.
You are amphibious.
You can wear up to eight rings at the same time.
You can use your tentacles to constrict eight enemies at once.
Your skin changes colour to match your surroundings (Stealth).
Your rubbery body absorbs attacks (AC +1).


Message History

Zapping:
b - a wand of flame (15/48)
Press: ? - help, Shift-Dir - straight line, f - black bear
Aim: a black bear (moderately wounded, constricted by you)
The puff of flame hits the black bear.
The black bear is severely wounded.
This wand has 14 charges left.
You constrict the black bear.
The black bear goes berserk!
Evoke which item? (* to show all) (? for menu, Esc to quit)
Zapping:
b - a wand of flame (14/48)
Press: ? - help, Shift-Dir - straight line, f/p - black bear
Aim: a black bear (severely wounded, constricted by you, berserk, fast, unusually strong)
The puff of flame hits the black bear.
The black bear is severely wounded.
This wand has 13 charges left.
You constrict the black bear. The black bear bites you.
* * * LOW HITPOINT WARNING * * *
The black bear claws you!
* * * LOW HITPOINT WARNING * * *
The black bear closely misses you. The black bear bites you!
You die...

..# #### #..# #.#.#
..# #.. .... #.#.#
#.###.# #..# #.#.#
...##.## #..# #.#..
.......# #..# #.##.
.......# #..# #. .
#......######..#
##.............######
#.....######...@h..#
####### #######.....
###


You could see a black bear (berserk).

Vanquished Creatures
  A phantom (D:4)
  A giant frog skeleton (D:4)
  An orc wizard (D:4)
  A hound skeleton (D:4)
  An adder (D:2)
  An ooze (D:1)
  A worm (D:2)
  A giant gecko (D:1)
  5 orcs (D:4)
  2 bats (D:1)
  A giant cockroach (D:1)
  4 goblins (D:1)
  3 hobgoblins (D:1)
  6 kobolds
  A quokka (D:2)
  4 giant newts
  2 rats
36 creatures vanquished.

Notes
Turn   | Place    | Note
--------------------------------------------------------------
     0 | D:1      | M4edhros the Octopode Artificer began the quest for the Orb.
     0 | D:1      | Reached XP level 1. HP: 13/13 MP: 3/3
   135 | D:1      | Reached skill level 2 in Stealth
   150 | D:1      | Reached skill level 3 in Stealth
   150 | D:1      | Reached XP level 2. HP: 16/18 MP: 4/4
   168 | D:1      | Found a shattered altar of Ashenzari.
   674 | D:1      | Reached skill level 4 in Stealth
   904 | D:2      | Reached XP level 3. HP: 23/23 MP: 5/5
  1028 | D:4      | Reached skill level 5 in Stealth
  1028 | D:4      | Reached XP level 4. HP: 10/28 MP: 6/6
  1389 | D:4      | Noticed a phantom
  1397 | D:4      | Killed a phantom
  1397 | D:4      | Reached skill level 7 in Stealth
  1397 | D:4      | Reached XP level 5. HP: 33/33 MP: 7/7
  1425 | D:4      | Found a blossoming altar of Fedhas.
  1435 | D:4      | Noticed mrath's ghost (amateur DrWz)
  1587 | D:4      | Noticed a black bear
  1597 | D:4      | Mangled by a black bear

Vault maps used:
D:1:      dpeg_arrival_water_fire, nicolae_ashenzari_panopticon
D:4:      lemuel_doored_altar, serial_shops, nicolae_shop_trees, first_bread

Skill      XL: |  1  2  3  4 |
---------------+-------------+-----
Stealth        | 3 4 5 7 |  7.9
Fighting       | |  1.0
Short Blades   | |  1.0
Dodging        | |  2.0
Evocations     | |  3.2

Action                   |  1- 3 |  4- 6 || total
-------------------------+-------+-------++-------
Melee: Short sword       |    45 |    28 ||    73
Evoke: Wand              |       |     3 ||     3
 Stab: Sleeping          |    12 |     2 ||    14
       Paralysed         |       |     3 ||     3
  Eat: Chunk             |       |     2 ||     2
